AoeStats
← Kiritastrich

MegaRandom

506734882Analyzed
1v1 RM · 18d ago on Sep 14, 2026· 31m 14s· 2 players
Game mode
Random Map
Map size
Tiny (2 player)
Population
200
Speed
Normal
Resources
Standard
Victory
Conquest
Starting age
Dark Age
Ending age
Imperial Age
RankedLock teamsTeams togetherTeam positionsShared explorationLock speedFull tech treeHidden civsTurbo modeCheats
Victory
Defeat
🇷🇺 Hindustanis · Russia
2006
+9
🇷🇺 Persians · Russia
1855
-9
Kiritastrich
6:18 Loom
6:39 Loom
9:03 Feudal Age
9:44 Double-Bit Axe
10:55 Town Watch
17:44 Fletching
25:21 Castle Age
25:48 Elite Skirmisher
26:43 Medium Warships
27:46 Fishing Lines
shegin
9:42 Feudal Age
10:10 Loom
11:05 Double-Bit Axe
16:10 Wheelbarrow
16:38 Fletching
25:07 Castle Age
26:01 Medium Warships
25:53 Bodkin Arrow
28:34 Scale Barding Armor
30:03 Chain Barding Armor
Connection lost

Rejoining the realm…

Still unreachable

The connection could not be restored.

Session expired

The server has moved on; the page needs a fresh start.